 Dungeon Crawl Stone Soup version 0.25.0-9-g26727b657a (webtiles) character file.

Game seed: 4475919391446971177

130 vurker the Chopper (level 5, 0/69 HPs)
             Began as a Hill Orc Gladiator on June 16, 2020.
             Slain by a killer bee (6 damage)
             ... on level 3 of the Dungeon.
             The game lasted 00:02:37 (1974 turns).

vurker the Chopper (Hill Orc Gladiator)             Turns: 1974, Time: 00:02:38

Health: 0/69       AC: 22    Str: 18    XL:     5   Next: 13%
Magic:  5/5        EV:  2    Int:  8    God:
Gold:   127        SH:  0    Dex: 12    Spells: 4/4 levels left

rFire    . . .     SeeInvis .   a - +0 war axe
rCold    . . .     Gourm    .   (no shield)
rNeg     + + +     Faith    .   (armour currently unavailable)
rPois    +         Spirit   .   (helmet currently unavailable)
rElec    .         Reflect  .   (cloak currently unavailable)
rCorr    .         Harm     .   (gloves currently unavailable)
MR       .....     NoTele   +   (boots currently unavailable)
Stlth    +.........             f - amulet of the acrobat
HPRegen  0.21/turn              (no ring)
MPRegen  0.09/turn              (no ring)

@: mighty, lethally poisoned (0 -> -1), tree-form
A: no striking features
a: no special abilities


You were on level 3 of the Dungeon.
You were hungry.
You were a tree.
You visited 1 branch of the dungeon, and saw 3 of its levels.

You collected 127 gold pieces.

Inventory:

Hand Weapons
 a - a +0 war axe (weapon)
Missiles
 d - 3 throwing nets (quivered)
Armour
 c - a +0 helmet (melded)
 l - a +0 pair of gloves (melded)
   (You found it on level 1 of the Dungeon)
 t - a +0 chain mail (melded)
   (You found it on level 2 of the Dungeon)
Jewellery
 f - an amulet of the acrobat (around neck)
   (You found it on level 3 of the Dungeon)
 s - a +6 ring of intelligence {unknown}
   (You found it on level 2 of the Dungeon)
 u - an uncursed ring of flight {unknown}
   (You found it on level 3 of the Dungeon)
Scrolls
 g - 3 scrolls of teleportation {unknown}
 h - a scroll of remove curse {unknown}
 j - a scroll of enchant weapon {unknown}
 m - a scroll of identify {unknown}
 p - a scroll of fear {unknown}
 q - a scroll of amnesia {unknown}
Potions
 i - a potion of curing {unknown}
 k - a potion of might
 n - a potion of brilliance {unknown}
 o - a potion of lignification
Comestibles
 b - 7 chunks of flesh
 e - 3 rations


   Skills:
 + Level 4.0 Fighting
 * Level 6.5 Axes
 - Level 1.7 Throwing
 - Level 2.4 Dodging


You had 4 spell levels left.
You didn't know any spells.
Your spell library was empty.

Dungeon Overview and Level Annotations

Branches:
Dungeon (3/15)

Altars:


Message History

Your +0 pair of gloves melds into your body.
Your +0 chain mail melds into your body.
Your roots penetrate the ground.
The killer bee stings you but does no damage.
The killer bee stings you.
You hit the killer bee.
You feel sick.
The killer bee stings you but does no damage. x3
You closely miss the killer bee.
The killer bee stings you but does no damage. x2
You miss the killer bee.
You feel sick.
The killer bee stings you but does no damage.
The killer bee stings you.
You barely miss the killer bee.
The killer bee stings you but does no damage.
The killer bee stings you.
The killer bee stings you but does no damage.
You miss the killer bee. The killer bee stings you.
The killer bee stings you but does no damage.
You miss the killer bee.
The killer bee stings you but does no damage.
The killer bee stings you.
* * * LOW HITPOINT WARNING * * *
The killer bee stings you.
* * * LOW HITPOINT WARNING * * *
You closely miss the killer bee.
You feel sick.
The killer bee stings you but does no damage.
The killer bee stings you.
* * * LOW HITPOINT WARNING * * *
Unknown command.
You hit the killer bee but do no damage.
The killer bee stings you but does no damage.
The killer bee stings you.
* * * LOW HITPOINT WARNING * * *
Unknown command.
It was a potion of might.
You feel very mighty all of a sudden.
The killer bee stings you but does no damage. x2
You slash the killer bee!
You kill the killer bee!
Your Fighting skill increases to level 4!
You have reached level 5!
You feel stronger.
You feel sick. The killer bee stings you.
* * * LOW HITPOINT WARNING * * *
You barely miss the killer bee. The killer bee stings you.
* * * LOW HITPOINT WARNING * * *
The killer bee stings you but does no damage. x2
It was a potion of magic.
Magic courses through your body. The killer bee stings you.
You die...

#...................÷÷.####.#.#
#.....#.#..##..#..##...# #...#
.....#.#........#.......####...#
####.#.###..##.##.##.#.........#
#........##.#####..........###
#........#.(..................
##...####.#.........###.##..###
#..........yy#####.. #.##..###
#.......###...yy♣.# # #..##.
#.##....# #.#..##....... #..##.
.......## #.#..#
.##..######..##. #.##....
...y....# ..........##. # #....
......##.# ..........##.
.......###..# .# ..######..##.
.....##. #..# .# #..... #. #y##
.# #.###. #.# #.# #.


You could see 4 killer bees.

Vanquished Creatures
  A killer bee (D:3)
  An adder (D:2)
  3 oozes
  2 worms (D:2)
  2 leopard geckos
  An orc (D:3)
  A giant cockroach (D:2)
  3 goblins
  5 hobgoblins
  10 jackals
  A quokka (D:3)
  4 bats (D:1)
  3 frilled lizards (D:1)
  9 kobolds
  4 rats
50 creatures vanquished.

Notes
Turn   | Place    | Note
-------+----------+-------------------------------------------
     0 | D:1      | vurker the Hill Orc Gladiator began the quest for the Orb.
     0 | D:1      | Reached XP level 1. HP: 18/18 MP: 1/1
   130 | D:1      | Reached XP level 2. HP: 19/25 MP: 2/2
   574 | D:1      | Reached skill level 5 in Axes
   691 | D:1      | Reached XP level 3. HP: 29/31 MP: 3/3
  1488 | D:2      | Reached XP level 4. HP: 20/38 MP: 4/4
  1869 | D:3      | Reached skill level 6 in Axes
  1972 | D:3      | Reached XP level 5. HP: 14/46 MP: 5/5
  1974 | D:3      | Slain by a killer bee

Illustrated notes

Levels and vault maps discovered:
D:1:      ncdulo_wetmaze, layout_basic, serial_park_tiny_pond,
          chequers_serial_rivers_micro_c
D:2:      layout_rooms, serial_bayou_crossing
D:3:      cheibrodos_fertilizer, layout_basic, nicolae_overflow_hidden_temple

Skill      XL: |  1  2  3  4 |
---------------+-------------+-----
Fighting       | 3 4 |  4.0
Axes           | 5 6 |  6.5
Throwing       | |  1.7
Dodging        | |  2.4

Action                   |  1- 3 |  4- 6 || total
-------------------------+-------+-------++-------
Melee: War axe           |   102 |    50 ||   152
  Use: Potion            |       |     3 ||     3
 Stab: Sleeping          |     1 |       ||     1
  Eat: Chunk             |     2 |     1 ||     3
Armor: Leather armour    |    34 |       ||    34
       Chain mail        |       |    43 ||    43
       Skin              |       |    17 ||    17
Dodge: Dodged            |    74 |    21 ||    95
